TOP OF THE 1ST |
Oakland Oaks batting - Pitching for D.C. Divided : RHP Jon Dunn
|
Pitching: RHP Jon Dunn
|
|
Batting: LHB Bryce Reilly
|
0-0: Called Strike 0-1: Ball 1-1: Foul Ball, location: 2F 1-2: Ground out 3-1 (Groundball, 3S)
|
Batting: LHB Jorge Vargas
|
0-0: Ball 1-0: Ball 2-0: Ball 3-0: Base on Balls
|
Batting: RHB Pedro Pérez
|
0-0: Ball 1-0: Grounds into double play, 5-4-3 (Groundball, 5)
|
Top of the 1st over - 0 run(s), 0 hit(s), 0 error(s), 0 left on base; Oakland 0 - D.C. 0 |
BOTTOM OF THE 1ST |
D.C. Divided batting - Pitching for Oakland Oaks : LHP Ronald Harmon
|
Pitching: LHP Ronald Harmon
|
|
Batting: RHB Arturo Rodríguez
|
0-0: Foul Ball, location: 2F 0-1: Ball 1-1: Ball 2-1: Called Strike 2-2: Strikes out swinging
|
Batting: RHB Tony Romero
|
0-0: Ball 1-0: Ball 2-0: Ground out 6-3 (Groundball, 6M)
|
Batting: RHB Wilbur Davis
|
0-0: Ball 1-0: Ball 2-0: DOUBLE (Line Drive, 78D)
|
Batting: RHB Wilfred McLaughlin
|
0-0: Called Strike 0-1: Ball 1-1: SINGLE (Line Drive, 89S) Wilbur Davis to third Runner from 3rd tries for Home, SAFE, no throw
|
Batting: LHB Obidiah Lewis
|
0-0: Ball 1-0: Called Strike 1-1: Ball 2-1: Fly out, F8 (Flyball, 8RD)
|
Bottom of the 1st over - 1 run(s), 2 hit(s), 0 error(s), 1 left on base; Oakland 0 - D.C. 1 |
TOP OF THE 2ND |
Oakland Oaks batting - Pitching for D.C. Divided : RHP Jon Dunn
|
Batting: LHB Todd Henry
|
0-0: Foul Ball, location: 2F 0-1: Ball 1-1: Ball 2-1: Foul Ball, location: 2F 2-2: Ball 3-2: Foul Ball, location: 2F 3-2: Foul Ball, location: 2F 3-2: Foul Ball, location: 2F 3-2: Fly out, F9 (Flyball, 9LMF)
|
Batting: RHB Mike Wazowski
|
0-0: Ball 1-0: Fly out, F8 (Flyball, 8RM)
|
Batting: SHB Luis Luquín
|
0-0: Ball 1-0: Called Strike 1-1: Foul Ball, location: 2F 1-2: Ball 2-2: Fly out, F7 (Line Drive, 7)
|
Top of the 2nd over - 0 run(s), 0 hit(s), 0 error(s), 0 left on base; Oakland 0 - D.C. 1 |
BOTTOM OF THE 2ND |
D.C. Divided batting - Pitching for Oakland Oaks : LHP Ronald Harmon
|
Batting: LHB Neil Lawson
|
0-0: Called Strike 0-1: Called Strike 0-2: Foul Ball, location: 2F 0-2: Ball 1-2: Ground out 1-3 (Groundball, 15)
|
Batting: RHB Julián Salcido
|
0-0: Ball 1-0: Called Strike 1-1: Ball 2-1: Foul Ball, location: 2F 2-2: TRIPLE (Line Drive, 89M)
|
Batting: LHB Jorge Aicón
|
0-0: Ball 1-0: Foul Ball, location: 2F 1-1: Ball 2-1: Swinging Strike 2-2: Fly out, F8 (Flyball, 8LM) Runner from 3rd tags up, SCORES, no throw
|
Batting: RHB Roberto Maestas
|
0-0: Ground out 5-3 (Groundball, 56)
|
Bottom of the 2nd over - 1 run(s), 1 hit(s), 0 error(s), 0 left on base; Oakland 0 - D.C. 2 |
TOP OF THE 3RD |
Oakland Oaks batting - Pitching for D.C. Divided : RHP Jon Dunn
|
Batting: RHB Joe Phillips
|
0-0: Ball 1-0: Ball 2-0: Ball 3-0: Called Strike 3-1: Called Strike 3-2: Strikes out swinging
|
Batting: SHB Joaquín Reyes
|
0-0: Ball 1-0: Called Strike 1-1: Ball 2-1: Ball 3-1: Foul Ball, location: 2F 3-2: Ground out U3 (Groundball, 3)
|
Batting: RHB Micah Coffey
|
0-0: Swinging Strike 0-1: Foul Ball, location: 2F 0-2: Foul Ball, location: 2F 0-2: Foul Ball, location: 2F 0-2: Ball 1-2: Foul Ball, location: 2F 1-2: Ball 2-2: Fly out, F8 (Flyball, 78S)
|
Top of the 3rd over - 0 run(s), 0 hit(s), 0 error(s), 0 left on base; Oakland 0 - D.C. 2 |
BOTTOM OF THE 3RD |
D.C. Divided batting - Pitching for Oakland Oaks : LHP Ronald Harmon
|
Batting: RHB Arturo Rodríguez
|
0-0: Called Strike 0-1: Ball 1-1: Foul Ball, location: 2F 1-2: Ball 2-2: Foul Ball, location: 2F 2-2: Fly out, F8 (Flyball, 8LS)
|
Batting: RHB Tony Romero
|
0-0: Ball 1-0: Foul Ball, location: 2F 1-1: Fly out, F9 (Line Drive, 9)
|
Batting: RHB Wilbur Davis
|
0-0: Swinging Strike 0-1: Ball 1-1: Foul Ball, location: 2F 1-2: Fly out, F6 (Line Drive, 6)
|
Bottom of the 3rd over - 0 run(s), 0 hit(s), 0 error(s), 0 left on base; Oakland 0 - D.C. 2 |
TOP OF THE 4TH |
Oakland Oaks batting - Pitching for D.C. Divided : RHP Jon Dunn
|
Batting: LHB Bryce Reilly
|
0-0: Foul Ball, location: 2F 0-1: Ball 1-1: Ball 2-1: SOLO HOME RUN (Flyball, 9LD), Distance : 365 ft
|
Batting: LHB Jorge Vargas
|
0-0: Foul Ball, location: 2F 0-1: Ball 1-1: Ball 2-1: Called Strike 2-2: Fly out, F4 (Line Drive, 4)
|
Batting: RHB Pedro Pérez
|
0-0: Called Strike 0-1: Fly out, F4 (Line Drive, 4)
|
Batting: LHB Todd Henry
|
0-0: Ball 1-0: Swinging Strike 1-1: Ball 2-1: Fly out, F7 (Flyball, 7)
|
Top of the 4th over - 1 run(s), 1 hit(s), 0 error(s), 0 left on base; Oakland 1 - D.C. 2 |
BOTTOM OF THE 4TH |
D.C. Divided batting - Pitching for Oakland Oaks : LHP Ronald Harmon
|
Batting: RHB Wilfred McLaughlin
|
0-0: Called Strike 0-1: Foul Ball, location: 2F 0-2: Ball 1-2: Ball 2-2: Ball 3-2: Base on Balls
|
Batting: LHB Obidiah Lewis
|
0-0: Ball 1-0: Ball 2-0: Called Strike 2-1: Foul Ball, location: 2F 2-2: Foul Ball, location: 2F 2-2: SINGLE (Groundball, 34D) Wilfred McLaughlin to second Throwing error, E9 Wilfred McLaughlin scores Obidiah Lewis to second
|
Batting: LHB Neil Lawson
|
0-0: Foul Ball, location: 2F 0-1: Hit by Pitch
|
Batting: RHB Julián Salcido
|
0-0: Ball 1-0: Ball 2-0: SINGLE (Groundball, 4MD) Obidiah Lewis to third Neil Lawson to second
|
Batting: LHB Jorge Aicón
|
0-0: Called Strike 0-1: Foul Ball, location: 2F 0-2: Strikes out looking
|
Batting: RHB Roberto Maestas
|
0-0: Ground out 5-3 (Groundball, 56S) Obidiah Lewis scores Neil Lawson to third Julián Salcido to second
|
Batting: RHB Arturo Rodríguez
|
0-0: Called Strike 0-1: Ball 1-1: Ball 2-1: Ball 3-1: Swinging Strike 3-2: Base on Balls
|
Batting: RHB Tony Romero
|
0-0: Ball 1-0: Ball 2-0: SINGLE (Line Drive, 4MD) Neil Lawson scores Julián Salcido to third Arturo Rodríguez to second Runner from 3rd tries for Home, SAFE, no throw
|
Pitching: RHP Júlio Maes
|
|
Batting: RHB Wilbur Davis
|
0-0: Called Strike 0-1: Fly out, F7 (Flyball, 7S)
|
Bottom of the 4th over - 4 run(s), 3 hit(s), 1 error(s), 2 left on base; Oakland 1 - D.C. 6 |
TOP OF THE 5TH |
Oakland Oaks batting - Pitching for D.C. Divided : RHP Jon Dunn
|
Batting: RHB Mike Wazowski
|
0-0: Ball 1-0: Swinging Strike 1-1: Called Strike 1-2: Strikes out swinging
|
Batting: SHB Luis Luquín
|
0-0: Foul Ball, location: 2F 0-1: Ball 1-1: Foul Ball, location: 2F 1-2: Ground out 3-1 (Groundball, 34)
|
Batting: RHB Joe Phillips
|
0-0: Called Strike 0-1: Called Strike 0-2: Ball 1-2: Ground out 4-3 (Groundball, 4)
|
Top of the 5th over - 0 run(s), 0 hit(s), 0 error(s), 0 left on base; Oakland 1 - D.C. 6 |
BOTTOM OF THE 5TH |
D.C. Divided batting - Pitching for Oakland Oaks : RHP Júlio Maes
|
Batting: RHB Wilfred McLaughlin
|
0-0: SINGLE (Flyball, 6MD)
|
Batting: LHB Obidiah Lewis
|
0-0: Ball 1-0: Ball 2-0: Called Strike 2-1: Ball 3-1: Foul Ball, location: 2F 3-2: Strikes out swinging
|
Batting: LHB Neil Lawson
|
0-0: Called Strike 0-1: Swinging Strike 0-2: Fly out, F9 (Flyball, 9S)
|
Batting: RHB Julián Salcido
|
0-0: Ball 1-0: Called Strike 1-1: Swinging Strike 1-2: Ground out 5-3 (Groundball, 5D)
|
Bottom of the 5th over - 0 run(s), 1 hit(s), 0 error(s), 1 left on base; Oakland 1 - D.C. 6 |
TOP OF THE 6TH |
Oakland Oaks batting - Pitching for D.C. Divided : RHP Jon Dunn
|
Batting: SHB Joaquín Reyes
|
0-0: Ball 1-0: SINGLE (Groundball, 56) (infield hit)
|
Batting: RHB Micah Coffey
|
0-0: Ball 1-0: Called Strike 1-1: Swinging Strike 1-2: Ball 2-2: Ball 3-2: Base on Balls Joaquín Reyes to second
|
Batting: LHB Bryce Reilly
|
0-0: Fly out, F3 (Popup, 3L)
|
Batting: LHB Jorge Vargas
|
0-0: Grounds into double play, 5-4-3 (Groundball, 56)
|
Top of the 6th over - 0 run(s), 1 hit(s), 0 error(s), 1 left on base; Oakland 1 - D.C. 6 |
BOTTOM OF THE 6TH |
D.C. Divided batting - Pitching for Oakland Oaks : RHP Júlio Maes
|
Batting: LHB Jorge Aicón
|
0-0: Ball 1-0: Ball 2-0: Foul Ball, location: 2F 2-1: SINGLE (Line Drive, 6M)
|
Pitching: RHP Reynaldo Maestas
|
|
Batting: RHB Roberto Maestas
|
0-0: Called Strike 0-1: Ball 1-1: Foul Ball, location: 2F 1-2: Grounds into double play, 6-4-3 (Groundball, 6)
|
Batting: RHB Arturo Rodríguez
|
0-0: Called Strike 0-1: Called Strike 0-2: Ball 1-2: Foul Ball, location: 2F 1-2: Strikes out swinging
|
Bottom of the 6th over - 0 run(s), 1 hit(s), 0 error(s), 0 left on base; Oakland 1 - D.C. 6 |
TOP OF THE 7TH |
Oakland Oaks batting - Pitching for D.C. Divided : RHP Jon Dunn
|
Batting: RHB Pedro Pérez
|
0-0: Ground out 1-3 (Groundball, 13)
|
Batting: LHB Todd Henry
|
0-0: Called Strike 0-1: Ball 1-1: Fly out, F8 (Flyball, 8LXD)
|
Batting: RHB Mike Wazowski
|
0-0: Fly out, F8 (Flyball, 8RXD)
|
Top of the 7th over - 0 run(s), 0 hit(s), 0 error(s), 0 left on base; Oakland 1 - D.C. 6 |
BOTTOM OF THE 7TH |
D.C. Divided batting - Pitching for Oakland Oaks : RHP Reynaldo Maestas
|
Batting: RHB Tony Romero
|
0-0: Ball 1-0: SINGLE (Groundball, 6S) (infield hit)
|
Batting: RHB Wilbur Davis
|
0-0: SINGLE (Groundball, 56D) Tony Romero to second
|
Batting: RHB Wilfred McLaughlin
|
0-0: Foul Ball, location: 2F 0-1: Swinging Strike 0-2: Ball Wild Pitch! Tony Romero to third Wilbur Davis to second 1-2: Ground out 6-3 (Groundball, 6) Tony Romero scores
|
Batting: LHB Obidiah Lewis
|
0-0: Called Strike 0-1: Ball 1-1: Fly out, F7 (Flyball, 7LMF)
|
Batting: LHB Neil Lawson
|
0-0: Foul Ball, location: 2F 0-1: Foul Ball, location: 2F 0-2: Ball 1-2: SINGLE (Line Drive, 34) Wilbur Davis to third Runner from 3rd tries for Home, SAFE, no throw
|
Batting: RHB Julián Salcido
|
0-0: Called Strike 0-1: Called Strike 0-2: Foul Ball, location: 2F 0-2: DOUBLE (Line Drive, 5D) Neil Lawson to third Runner from 3rd tries for Home, SAFE, no throw
|
Pitching: LHP José Castaneda
|
|
Batting: LHB Jorge Aicón
|
0-0: Ball 1-0: Ground out 3-1 (Groundball, 34)
|
Bottom of the 7th over - 3 run(s), 4 hit(s), 0 error(s), 1 left on base; Oakland 1 - D.C. 9 |
TOP OF THE 8TH |
Oakland Oaks batting - Pitching for D.C. Divided : RHP Jon Dunn
|
Batting: SHB Luis Luquín
|
0-0: Ball 1-0: Ground out U3 (Groundball, 34)
|
Batting: RHB Joe Phillips
|
0-0: Ball 1-0: Foul Ball, location: 2F 1-1: Ball 2-1: Ground out 6-3 (Groundball, 6)
|
Batting: SHB Joaquín Reyes
|
0-0: Ball 1-0: Ball 2-0: Foul Ball, location: 2F 2-1: Ball 3-1: Foul Ball, location: 2F 3-2: Base on Balls
|
Batting: RHB Micah Coffey
|
0-0: Ball 1-0: Called Strike 1-1: Ball 2-1: Ball 3-1: Foul Ball, location: 2F 3-2: Base on Balls Joaquín Reyes to second
|
Batting: LHB Bryce Reilly
|
0-0: Hit by Pitch Joaquín Reyes to third Micah Coffey to second
|
Batting: LHB Jorge Vargas
|
0-0: Ball 1-0: Called Strike 1-1: Foul Ball, location: 2F 1-2: Hit by Pitch Joaquín Reyes scores Micah Coffey to third Bryce Reilly to second
|
Batting: RHB Pedro Pérez
|
0-0: Ball 1-0: Fly out, F7 (Line Drive, 7)
|
Top of the 8th over - 1 run(s), 0 hit(s), 0 error(s), 3 left on base; Oakland 2 - D.C. 9 |
BOTTOM OF THE 8TH |
D.C. Divided batting - Pitching for Oakland Oaks : LHP José Castaneda
|
Batting: RHB Roberto Maestas
|
0-0: Ball 1-0: Called Strike 1-1: Ball 2-1: Swinging Strike 2-2: Ball 3-2: SINGLE (Groundball, 56D)
|
Batting: RHB Arturo Rodríguez
|
0-0: Ball 1-0: Ball 2-0: Ball 3-0: Called Strike 3-1: Fly out, F1 (Line Drive, 15)
|
Batting: RHB Tony Romero
|
0-0: Called Strike Roberto Maestas is caught stealing 2nd base 0-1: Swinging Strike 0-2: Single, Error in OF, E7, batter to second base
|
Batting: RHB Wilbur Davis
|
0-0: Called Strike 0-1: Fly out, F8 (Flyball, 8LD)
|
Bottom of the 8th over - 0 run(s), 2 hit(s), 1 error(s), 1 left on base; Oakland 2 - D.C. 9 |
TOP OF THE 9TH |
Oakland Oaks batting - Pitching for D.C. Divided : RHP Jon Dunn
|
Batting: LHB Todd Henry
|
0-0: Fly out, F8 (Line Drive, 8RM)
|
Batting: RHB Mike Wazowski
|
0-0: Ball 1-0: Called Strike 1-1: Foul Ball, location: 2F 1-2: Fly out, F8 (Flyball, 8LM)
|
Batting: SHB Luis Luquín
|
0-0: Ball 1-0: DOUBLE (Flyball, 7LM)
|
Batting: RHB Joe Phillips
|
0-0: Ball 1-0: Foul Ball, location: 2F 1-1: Foul Ball, location: 2F 1-2: Foul Ball, location: 2F 1-2: Ball 2-2: Ball 3-2: Strikes out swinging
|
Top of the 9th over - 0 run(s), 1 hit(s), 0 error(s), 1 left on base; Oakland 2 - D.C. 9 |
|